 Dungeon Crawl Stone Soup version 0.19-a0-1268-g6c5d9f8 (console) character file.

334 flowsnake the Slasher (level 6, -8/51 HPs)
             Began as a Centaur Warper on Aug 29, 2016.
             Mangled by an ogre
             ... wielding a +0 giant club
              (25 damage)
             ... on level 4 of the Dungeon.
             The game lasted 00:10:55 (3383 turns).

flowsnake the Slasher (Centaur Warper)              Turns: 3383, Time: 00:10:56

Health: -8/51      AC:  6    Str: 14    XL:     6   Next: 27%
Magic:  9/9        EV:  9    Int: 14    God:
Gold:   197        SH:  0    Dex:  8    Spells: 3 memorised, 4 levels left

rFire  + . .     SeeInvis .     a - +1 falchion
rCold  . . .     Gourm    .     b - +0 leather armour
rNeg   . . .     Faith    .     (no shield)
rPois  .         Spirit   .     i - +0 helmet
rElec  .         Dismiss  .     (no cloak)
rCorr  .         Reflect  .     j - +0 pair of gloves
MR     .....     Harm     .     (no barding)
Stlth  ..........               (no amulet)
                                k - ring of protection from fire
                                l - ring of flight

@: very quick
A: hooves 3, deformed body, speed 2, tough skin 3
a: Evoke Flight


You were on level 4 of the Dungeon.
You were not hungry.

You visited 1 branch of the dungeon, and saw 4 of its levels.

You collected 197 gold pieces.

Inventory:

Hand Weapons
 a - a +1 falchion (weapon)
Missiles
 e - 5 tomahawks of dispersal (quivered)
Armour
 b - a +0 leather armour (worn)
 i - a +0 helmet (worn)
 j - a +0 pair of gloves (worn)
Jewellery
 k - a ring of protection from fire (right hand)
 l - a ring of flight (left hand)
Wands
 s - a wand of digging (6/24)
Scrolls
 d - 2 scrolls of blinking
 p - 2 scrolls of remove curse
 v - a scroll of recharging
Potions
 g - a potion of agility {unknown}
 m - a potion of degeneration {unknown}
 o - a potion of mutation {unknown}
 r - 2 potions of cancellation {unknown}
 t - a potion of magic {unknown}
 u - a potion of heal wounds {unknown}
Books
 c - a book of Spatial Translocations

   Spells                             Type                      Level
   a - Apportation                    Translocation                1
   b - Blink                          Translocation                2
   c - Shroud of Golubria             Charms/Translocation         2
   d - Portal Projectile              Translocation                3
   e - Teleport Other                 Translocation                3
   f - Passage of Golubria            Translocation                4
Comestibles
 f - 5 bread rations
 h - 6 fruits
 n - 2 meat rations
 q - a slice of pizza
 w - a chunk of flesh


   Skills:
 + Level 3.5 Fighting
 + Level 3.6 Long Blades
 - Level 1.1 Throwing
 - Level 0.6 Armour
 - Level 1.3 Dodging
 + Level 0.1 Stealth
 + Level 2.4 Spellcasting
 * Level 1.8 Charms
 - Level 3.5 Translocations


You had 4 spell levels left.
You knew the following spells:

 Your Spells              Type           Power        Failure   Level  Hunger
a - Apportation           Tloc           ##........   10%         1    #......
b - Blink                 Tloc           N/A          12%         2    ###....
c - Shroud of Golubria    Chrm/Tloc      #.........   17%         2    ###....


Dungeon Overview and Level Annotations

Branches:
Dungeon (4/15)
 Temple: D:4-7

Altars:
Uskayaw
Zin


Innate Abilities, Weirdness & Mutations

You have hooves in place of feet.
Armour fits poorly on your strangely shaped body.
You cover ground very quickly.
You have extremely tough skin. (AC +3)


Message History

You completely miss the ogre.
The ogre is lightly wounded.
You hit the ogre but do no damage. You kick the ogre, but do no damage.
The ogre is lightly wounded.
The ogre closely misses you.
You riposte.
You hit the ogre. You kick the ogre.
The ogre is lightly wounded.
You hit the ogre. You kick the ogre, but do no damage.
The ogre is moderately wounded.
The ogre hits you with a giant club!
You hit the ogre.
The ogre is heavily wounded.
The ogre hits you with a giant club!
You hit the ogre but do no damage.
The ogre is heavily wounded.
The ogre barely misses you.
You riposte.
You hit the ogre.
The ogre is heavily wounded.
You barely miss the ogre.
The ogre is heavily wounded.
The ogre hits you with a giant club!!
You die... ██········██··█ ·······█··················██ █····· █······█████·███ ···························█ █····· █··█████ ██···██ ············██················ ████ █·····██ ·············██········(······█ ██······█ ············████··············█ ███████

█·······█
············███···············█
████··>··█ █·······██
················(·············█
█········██ ██········█
·····························█
██·········█ █·········██
█··········██··············██
█··········█ █··········█
███····█████············███
█··········█ █··········█
██···███ ··█·······██
██·········█ █··········████
██··███ █ █···÷····██
█········>····████··██
█········█
█·········███·······████
█········█ █·········█
██cO·······███ █········█
██·········█ █············██
█·······████·········██
█·············███
██······███·██·······█
█···[···········██
█·····██··███····████
██···············█ ██····█··██


██████ ██·············██ ███···█··██ █···█········██ █··██··███ ███████
██··████······█ ███···██ ███·····██ █···█ ██·██·██ ██··█ █········██ ██··██
██·███ ██·█ ██········███···█ ██··███ █·██ █·········██··██ ██·····█ ██·█
██········█··██ ██····█···█ █·██ █············█ ██····████··· █··█
██···········████···███ ██ You could see an ogre.

Vanquished Creatures
  A phantom (D:4)
  A howler monkey (D:4)
  Jessica (D:1)
  2 worker ants (D:4)
  A hound skeleton (D:4)
  Robin (D:2)
  A howler monkey skeleton (D:4)
  3 adders
  An adder zombie (D:4)
  2 worms
  4 dart slugs
  2 giant geckos
  An orc (D:3)
  A bat (D:1)
  4 giant cockroaches
  12 goblins
  8 hobgoblins
  7 jackals (D:2)
  A giant newt (D:1)
  2 kobolds
  4 rats
60 creatures vanquished.

Notes
Turn   | Place    | Note
-------+----------+-------------------------------------------
     0 | D:1      | flowsnake the Centaur Warper began the quest for the Orb.
     0 | D:1      | Reached XP level 1. HP: 17/17 MP: 3/3
    72 | D:1      | Reached XP level 2. HP: 19/24 MP: 4/4
    81 | D:1      | Learned a level 2 spell: Blink
   726 | D:2      | Noticed Jessica
   727 | D:2      | Noticed Robin
   740 | D:2      | Reached XP level 3. HP: 27/30 MP: 5/5
   761 | D:1      | Learned a level 2 spell: Shroud of Golubria
   851 | D:1      | Killed Jessica
   883 | D:2      | Reached XP level 4. HP: 37/37 MP: 3/6
  1042 | D:2      | Killed Robin
  1042 | D:2      | Reached skill level 1 in Charms
  1367 | D:2      | Found a hide-covered altar of Uskayaw.
  1443 | D:3      | Found a glowing silver altar of Zin.
  2283 | D:4      | Reached XP level 5. HP: 25/42 MP: 5/8
  2938 | D:4      | Noticed a phantom
  2988 | D:4      | Killed a phantom
  2988 | D:4      | Reached XP level 6. HP: 19/51 MP: 5/9
  3383 | D:4      | Mangled by an ogre

Vault maps used:
D:1:      dpeg_arrival_stonehenge_8_columns, minmay_misc_feat_plants
D:2:      lemuel_doored_altar, first_bread, uniq_robin, uniq_jessica
D:3:      zin_treasury

Skill      XL: |  1  2  3  4  5 |
---------------+----------------+-----
Translocations | 3 |  3.5
Long Blades    | 2 3 |  3.6
Spellcasting   | 2 |  2.4
Charms         | 1 |  1.8
Fighting       | 3 |  3.5
Throwing       | |  1.1
Armour         | |  0.6
Dodging        | |  1.3
Stealth        | |  0.1

Action                   |  1- 3 |  4- 6 || total
-------------------------+-------+-------++-------
Melee: Falchion          |    89 |   165 ||   254
       Kick              |    12 |    29 ||    41
 Cast: Shroud of Golubri |     2 |     8 ||    10
  Use: Scroll            |     3 |     7 ||    10
  Eat: Chunk             |       |     5 ||     5
       Fruit             |       |     2 ||     2
Armor: Leather armour    |    32 |    42 ||    74
Dodge: Dodged            |    44 |    59 ||   103
